 Dungeon Crawl Stone Soup version 0.32-a0-918-g0f22ef8d61 (webtiles) character file.

Game seed: 2882691645781718422

637 horus123 the Cudgeller (level 7, -2/52 HPs)
             Began as a Demonspawn Monk on Apr 12, 2024.
             Was a Believer of Vehumet.
             Slain by sthehill's ghost (9 damage)
             ... on level 3 of the Dungeon.
             The game lasted 00:07:51 (3968 turns).

horus123 the Cudgeller (Demonspawn Monk)            Turns: 3968, Time: 00:07:52

Health: -2/52      AC:  7    Str: 11    XL:     7   Next: 25%
Magic:  14/14      EV: 12    Int: 12    God:    Vehumet [**....]
Gold:   229        SH:  0    Dex: 16    Spells: 6/16 levels left

rFire   . . .        r - +0 flail
rCold   . . .        d - orb {light}
rNeg    . . .        o - +2 robe {Will+}
rPois   .            (helmet restricted)
rElec   .            (no cloak)
rCorr   .            m - +0 pair of gloves
SInv    +            (no boots)
Will    +....        (no amulet)
Stlth   +            j - ring of see invisible
HPRegen 0.28/turn    (no ring)
MPRegen 0.14/turn

%: no passive effects
@: about to teleport, glowing
A: horns 2, yellow scales 1
a: Renounce Religion


You were on level 3 of the Dungeon.
You worshipped Vehumet.
Vehumet was pleased with you.
You visited 1 branch of the dungeon, and saw 4 of its levels.

You collected 229 gold pieces.

Inventory:

Hand Weapons
 a - a +0 mace
 n - the +1 dagger "Saowk" {heavy, ^Fragile Fly rN++ MP+9}
   (You found it on level 2 of the Dungeon)

   rN++:      It greatly protects you from negative energy.
   MP+9:      It affects your magic capacity (+9).
   Fly:       It grants you flight.
   ^Fragile:  It will be destroyed if unequipped.
 r - a +0 flail (weapon)
Armour
 d - an orb of light (worn)
 h - the +2 ring mail "Avar" {Str+3 SInv}
   (You found it on level 4 of the Dungeon)

   Str+3:     It affects your strength (+3).
   SInv:      It lets you see invisible.
 m - a +0 pair of gloves (worn)
 o - a +2 robe of willpower (worn)
Jewellery
 j - a ring of see invisible (left hand)
Scrolls
 f - a scroll of silence {unknown}
 l - a scroll of teleportation
 q - a scroll of blinking {unknown}
Potions
 b - a potion of lignification {unknown}
 g - 3 potions of heal wounds {unknown}
 i - 6 potions of curing {unknown}
 k - a potion of degeneration {unknown}
 p - a potion of berserk rage {unknown}


   Skills:
 - Level 3.0 Fighting
 - Level 5.0 Maces & Flails
 - Level 2.6 Dodging
 - Level 5.0 Spellcasting
 + Level 2.7 Conjurations


You had 6 spell levels left.
You knew the following spells:

 Your Spells              Type           Power      Damage    Failure   Level
a - Cause Fear            Hex            1%         N/A       89%         4
b - Fireball              Conj/Fire      3%         3d4       97%         5
c - Sting                 Conj/Alch      24%        1d4       12%         1

Your spell library contained the following spells:

 Spells                   Type           Power      Damage    Failure   Level
 Momentum Strike          Conj/Tloc      12%        3d8       17%         2
 Dragon's Call            Summ           1%         N/A       100%        9


Dungeon Overview and Level Annotations

Branches:
Dungeon (4/15)
 Temple: D:4-7

Altars:
Dithmenos
Kikubaaqudgha
Vehumet
Yredelemnul

Shops:
D:1 =

Annotations:
D:3 sthehill's ghost, amateur MiFi


Innate Abilities, Weirdness & Mutations

You have a pair of horns on your head.
You are partially covered in yellow scales. (AC +2)


Message History

Sthehill's ghost lets out a mournful wail.
Gamers12's ghost barely misses you.
Sthehill's ghost screams, "I have seen your future, and it is all used up."
You hit gamers12's ghost but do no damage.
You headbutt gamers12's ghost.
Gamers12's ghost is lightly damaged.
Gamers12's ghost whispers, "The ORB doesn't exist."
Gamers12's ghost hits you!
You barely miss gamers12's ghost.
You headbutt gamers12's ghost, but do no damage.
Gamers12's ghost is lightly damaged.
Gamers12's ghost hits you!
You hit gamers12's ghost but do no damage.
You headbutt gamers12's ghost.
Gamers12's ghost is moderately damaged.
Gamers12's ghost hits you but does no damage.
You sock gamers12's ghost! You headbutt gamers12's ghost.
Gamers12's ghost is severely damaged.
Gamers12's ghost closely misses you. Gamers12's ghost hits you.
You hit gamers12's ghost. You headbutt gamers12's ghost.
Gamers12's ghost is almost destroyed.
Sthehill's ghost hits you! Gamers12's ghost hits you!
* * * LOW HITPOINT WARNING * * *
You are too injured to fight recklessly!
Unknown command.
You completely miss gamers12's ghost.
Gamers12's ghost is almost destroyed.
Sthehill's ghost completely misses you. Gamers12's ghost hits you.
* * * LOW HITPOINT WARNING * * *
You barely miss gamers12's ghost. You headbutt gamers12's ghost.
You destroy gamers12's ghost!
Vehumet accepts your kill. Sthehill's ghost hits you.
* * * LOW HITPOINT WARNING * * *
Sthehill's ghost completely misses you.
Unknown command.
There is an open translucent gate here.
As you read the scroll of teleportation, it crumbles to dust.
You feel strangely unstable. Sthehill's ghost hits you!
You die...

#.#..........# #.#
÷....#######.# #.#
#.##.## #.# #.#
..#...######.# #.#
....#.....##.# ##### #.#
......###.##.####$ß.(##
#.# ####.##
#.##.#..#....ß## #.# #.#
##.##.#..#.....!# #<#
#.#
#..##.#.W@.....♣######.#
#.#
#.###....'.....⌠#......#
####.# #.#
#....'.....♣########
.....###.###....#......#
#.>...##.##.....#....ß##
#####.##.#......#[ß)$###
##...#.#..#...######.##
#......#..##.## ##...##
#...)..).....# ##.#.#.##


You could see sthehill's ghost.

Vanquished Creatures
  Grinder (D:3)
  The ghost of ezpacito the Chopper, an amateur CoCK of Xom (D:3)
  A scorpion (D:4)
  The ghost of Gryn the Shooter, a weakling DsHu (D:3)
  A bombardier beetle (D:4)
  Jessica (D:2)
  Terence (D:2)
  An orc wizard (D:4)
  The ghost of gamers12 the Trooper, a weakling MDFi (D:3)
  4 adders
  4 dart slugs
  3 ribbon worms
  8 orcs
  7 endoplasms
  5 giant cockroaches
  11 goblins
  3 hobgoblins (D:1)
  4 jackals (D:2)
  A quokka (D:3)
  5 ball pythons
  3 bats
  4 frilled lizards
  6 kobolds
  6 rats
83 creatures vanquished.

Notes
Turn   | Place    | Note
-------+----------+-------------------------------------------
     0 | D:1      | horus123 the Demonspawn Monk began the quest for the Orb.
     0 | D:1      | Reached XP level 1. HP: 18/18 MP: 1/1
   157 | D:1      | Gained mutation: You have a pair of small horns on your
                  | head. [demonic ancestry]
   157 | D:1      | Reached XP level 2. HP: 22/24 MP: 2/2
   257 | D:1      | Found Qiott's Jewellery Boutique.
   504 | D:1      | Found a faded altar of an unknown god.
   620 | D:1      | Reached XP level 3. HP: 21/29 MP: 3/3
   706 | D:1      | Found a faded altar of an unknown god.
   838 | D:2      | Identified the +1 dagger "Saowk" {heavy, ^Fragile Fly rN++
                  | MP+9}
   899 | D:2      | Noticed Jessica
   905 | D:2      | Killed Jessica
  1206 | D:2      | Gained mutation: You are partially covered in yellow
                  | scales. (AC +2) [demonic ancestry]
  1206 | D:2      | Reached XP level 4. HP: 29/35 MP: 4/4
  1349 | D:2      | Noticed Terence
  1370 | D:2      | Killed Terence
  1696 | D:3      | Reached skill level 5 in Maces & Flails
  1869 | D:3      | Reached skill level 1 in Spellcasting
  1890 | D:3      | Found a runed translucent gate.
  1890 | D:3      | Found a runed translucent gate.
  1890 | D:3      | Noticed gamers12's ghost (weakling MDFi)
  1890 | D:3      | Noticed Gryn's ghost (weakling DsHu)
  1891 | D:3      | Found a runed translucent gate.
  1891 | D:3      | Noticed sthehill's ghost (amateur MiFi)
  1891 | D:3      | Noticed ezpacito's ghost (amateur CoCK)
  1916 | D:3      | Noticed Grinder
  1929 | D:3      | Killed Grinder
  1930 | D:3      | Reached XP level 5. HP: 22/41 MP: 5/10
  1930 | D:3      | Gained mutation: You have a pair of horns on your head.
                  | [demonic ancestry]
  1930 | D:3      | Reached XP level 6. HP: 26/47 MP: 5/11
  2241 | D:3      | Found an ancient bone altar of Kikubaaqudgha.
  2409 | D:3      | Learned a level 4 spell: Cause Fear
  2415 | D:3      | Learned a level 5 spell: Fireball
  2985 | D:4      | Identified the +2 ring mail "Avar" {Str+3 SInv}
  3078 | D:4      | Found a basalt altar of Yredelemnul.
  3079 | D:4      | Found a radiant altar of Vehumet.
  3082 | D:4      | Found a shadowy altar of Dithmenos.
  3088 | D:4      | Became a worshipper of Vehumet
  3088 | D:4      | Reached * piety under Vehumet
  3088 | D:4      | Offered knowledge of Sting by Vehumet.
  3088 | D:4      | Reached ** piety under Vehumet
  3091 | D:4      | Learned a level 1 spell: Sting
  3237 | D:4      | Offered knowledge of Momentum Strike by Vehumet.
  3367 | D:4      | Reached skill level 5 in Spellcasting
  3680 | D:3      | Killed ezpacito's ghost
  3681 | D:3      | Reached XP level 7. HP: 27/52 MP: 14/14
  3938 | D:3      | Killed Gryn's ghost
  3966 | D:3      | Killed gamers12's ghost
  3968 | D:3      | Slain by sthehill's ghost

Illustrated notes

Levels and vault maps discovered:
D:1:      matt_arrival_refuge, layout_basic,
          hellmonk_ecumenical_altar_the_god_not_taken, serial_shops,
          shop_fountains, minmay_octomino_j4
D:2:      layout_basic, uniq_terence, uniq_jessica
D:3:      layout_loops_ring, kiku_gazebo_pond_becter, gammafunk_ghost_cemetery,
          uniq_grinder
D:4:      layout_loops_corners, minitemple

Skill      XL: |  1  2  3  4  5  6 |
---------------+-------------------+-----
Maces & Flails | 3 4 5 |  5.0
Spellcasting   | 3 5 |  5.0
Conjurations   | 2 |  2.7
Fighting       | |  3.0
Dodging        | |  2.6

Action                     |  1- 3 |  4- 6 |  7- 9 || total
---------------------------+-------+-------+-------++-------
  Melee: Mace              |    82 |   131 |       ||   213
         Headbutt          |    10 |    37 |    11 ||    58
         Flail             |       |    27 |    30 ||    57
    Use: Potion            |       |     1 |       ||     1
         Scroll            |       |       |     4 ||     4
 Armour: Leather armour    |    43 |       |       ||    43
         Robe              |    11 |    91 |    23 ||   125
  Dodge: Dodged            |    46 |    84 |    20 ||   150

Table legend: (Time is in decaauts)
 A = Elapsed time spent in this place.
 B = Non-inter-level travel time spent in this place.
 C = Inter-level travel time spent in this place.
 D = Time resting spent in this place.
 E = Time spent auto-exploring this place.
 F = Levels seen in this place.
 G = Mean time per level.
                   A        B        C        D        E       F      G
               +--------+--------+--------+--------+--------+-----+--------+
         Total |   4013 |   3783 |    230 |    164 |   2838 |   4 | 1003.2 |
       Dungeon |   4013 |   3783 |    230 |    164 |   2838 |   4 | 1003.2 |
               +--------+--------+--------+--------+--------+-----+--------+

Top non-repeatable levels by time:
     D:3: 1267 daAuts
     D:4: 1097 daAuts
     D:2: 840 daAuts
     D:1: 807 daAuts
